 Dungeon Crawl Stone Soup version 0.25-a0-59-gf342c8b036 (webtiles) character file.

Game seed: 15262006234028381815, levelgen mode: deterministic

114 Napalmbreeze the Poker (level 4, -7/37 HPs)
             Began as a Merfolk Gladiator on Oct 28, 2019.
             Killed by nerve-wracking pain
             ... invoked by Grinder
              (12 damage)
             ... on level 3 of the Dungeon.
             The game lasted 00:05:27 (2051 turns).

Napalmbreeze the Poker (Merfolk Gladiator)          Turns: 2051, Time: 00:05:27

Health: -7/37      AC:  7    Str: 15    XL:     4   Next: 97%
Magic:  13/13      EV: 14    Int:  7    God:
Gold:   184        SH:  0    Dex: 15    Spells: 3/3 levels left

rFire    . . .     SeeInvis .   a - +0 trident
rCold    . . .     Gourm    .   (no shield)
rNeg     . . .     Faith    .   x - +0 leather armour {rPois}
rPois    +         Spirit   .   c - +0 helmet
rElec    .         Reflect  .   (no cloak)
rCorr    .         Harm     .   (no gloves)
MR       .....                  (no boots)
Stlth    +.........             (no amulet)
HPRegen  0.12/turn              m - ring of magical power (curse)
MPRegen  0.13/turn              v - +3 ring of protection

@: no status effects
A: change form in water, swift swim, stealthy swim
a: no special abilities


You were on level 3 of the Dungeon.
You were not hungry.

You visited 1 branch of the dungeon, and saw 3 of its levels.

You collected 184 gold pieces.

Inventory:

Hand Weapons
 a - a +0 trident (weapon)
Missiles
 d - 3 throwing nets (quivered)
Armour
 c - a +0 helmet (worn)
 x - a +0 leather armour of poison resistance (worn)
 A - a +0 buckler
Jewellery
 g - an uncursed amulet of guardian spirit {unknown}
 l - an uncursed ring of resist corrosion
 m - a cursed ring of magical power (left hand)
 u - an uncursed ring of protection from cold
 v - a +3 ring of protection (right hand)
 w - an uncursed ring of protection from fire {unknown}
 y - an uncursed amulet of faith {unknown}
Wands
 n - a wand of digging (5)
Scrolls
 e - 3 scrolls of identify {unknown}
 h - a scroll of fog {unknown}
 i - 2 scrolls of teleportation {unknown}
 j - a scroll of fear {unknown}
 k - a scroll of noise {unknown}
 o - a scroll of magic mapping {unknown}
Potions
 b - a potion of haste {unknown}
 p - a potion of berserk rage {unknown}
 q - a potion of invisibility {unknown}
 r - a potion of flight {unknown}
 s - a potion of mutation {unknown}
 z - 2 potions of agility {unknown}
Comestibles
 f - 7 rations
 t - 5 chunks of flesh


   Skills:
 * Level 3.8 Fighting
 + Level 5.4 Polearms
 - Level 2.6 Throwing
 + Level 4.8 Dodging
 + Level 0.3 Shields


You had 3 spell levels left.
You didn't know any spells.
Your spell library was empty.

Dungeon Overview and Level Annotations

Branches:
Dungeon (3/15)

Altars:
Cheibriados
Okawaru

Annotations:
D:3 Grinder


Message History

You hit Grinder.
Grinder is moderately wounded.
Grinder hits you but does no damage.
Unknown command.
You hit Grinder.
Grinder is heavily wounded.
Grinder hits you.
* * * LOW HITPOINT WARNING * * *
You writhe in agony.
* * * LOW HITPOINT WARNING * * *
Unknown command.
Press: ? - help, v - describe, . - travel
Here: Grinder (heavily wounded)
The floor.
Unknown command.
You hit Grinder but do no damage.
Grinder is heavily wounded.
Grinder gestures at you. Pain shoots through your body!
You die...

### #.. #.. #.. ###
### #.^
##################..
#..@5...........†...
##.###############..
#..).(.5..(......)..
#######.(...........
####.............
#................
#.##.............
##................
#.................


You could see Grinder.

Vanquished Creatures
  A worker ant (D:3)
  3 adders (D:2)
  A worm (D:2)
  A leopard gecko (D:1)
  3 orcs (D:3)
  3 giant cockroaches
  6 goblins
  5 hobgoblins
  10 jackals
  5 kobolds
  A ball python (D:2)
  2 bats
  7 frilled lizards
  7 rats
55 creatures vanquished.

Notes
Turn   | Place    | Note
-------+----------+-------------------------------------------
     0 | D:1      | Napalmbreeze the Merfolk Gladiator began the quest for the
                  | Orb.
     0 | D:1      | Reached XP level 1. HP: 16/16 MP: 1/1
   330 | D:1      | Reached XP level 2. HP: 23/23 MP: 2/2
   843 | D:2      | Reached XP level 3. HP: 24/28 MP: 3/3
  1238 | D:2      | Reached skill level 5 in Polearms
  1299 | D:2      | Found a snail-covered altar of Cheibriados.
  1320 | D:2      | Reached XP level 4. HP: 34/35 MP: 4/4
  1758 | D:2      | Found a faded altar of an unknown god.
  1966 | D:3      | Found an iron altar of Okawaru.
  1989 | D:3      | Noticed Grinder
  2024 | D:3      | Paralysed by Grinder for 7 turns
  2041 | D:3      | Paralysed by Grinder for 2 turns
  2051 | D:3      | Killed from afar by Grinder

Levels and vault maps discovered:
D:1:      dpeg_arrival_short_road, layout_rooms
D:2:      layout_basic, chequers_ecumenical_altar_simple, cheibriados_altar_1
D:3:      layout_basic, okawaru_gym_becter, uniq_grinder

Skill      XL: |  1  2  3 |
---------------+----------+-----
Fighting       | 3 |  3.8
Polearms       | 5 |  5.4
Throwing       | |  2.6
Dodging        | |  4.8
Shields        | |  0.3

Action                   |  1- 3 |  4- 6 || total
-------------------------+-------+-------++-------
Melee: Trident           |   129 |    79 ||   208
 Stab: Distracted        |     1 |       ||     1
  Eat: Chunk             |     1 |     3 ||     4
Armor: Leather armour    |    27 |    15 ||    42
       Ring mail         |       |     1 ||     1
Dodge: Dodged            |    81 |    42 ||   123

Table legend:
 A = Non-vault XP
 B = Vault XP
 C = Vault XP percentage of total XP
 D = Non-vault monster count
 E = Vault monster count
 F = Vault count percentage of total count
                 A         B        C        D         E       F
            +---------+---------+-------+---------+---------+-------
      Total |     163 |       0 |   0.0 |      55 |       0 |   0.0
            +---------+---------+-------+---------+---------+-------
        D:1 |      24 |       0 |   0.0 |      14 |       0 |   0.0
        D:2 |      83 |       0 |   0.0 |      28 |       0 |   0.0
        D:3 |      56 |       0 |   0.0 |      13 |       0 |   0.0
            +---------+---------+-------+---------+---------+-------
